 Dungeon Crawl Stone Soup version 0.31-a0-851-g7ff8af7976 (webtiles) character file.

Game seed: 4247960005560647994

91 Darkleo28 the Digger (level 4, -3/24 HPs)
             Began as a Gargoyle Earth Elementalist on Oct 8, 2023.
             Slain by Crazy Yiuf
             ... wielding a +2 quarterstaff of chaos
              (6 damage)
             ... on level 2 of the Dungeon.
             The game lasted 00:07:28 (1847 turns).

Darkleo28 the Digger (Gargoyle Earth Elementalist)  Turns: 1847, Time: 00:07:30

Health: -3/24      AC:  5    Str: 11    XL:     4   Next: 57%
Magic:  6/8        EV: 11    Int: 18    God:
Gold:   100        SH:  0    Dex: 10    Spells: 4/8 levels left

rFire   . . .        i - +1 hammer (protect)
rCold   . . .        (no shield)
rNeg    + . .        a - +0 robe
rPois   ∞            (no helmet)
rElec   +            (no cloak)
rCorr   .            (no gloves)
SInv    .            (no boots)
Will    .....        (no amulet)
Stlth   ++           (no ring)
HPRegen 0.24/turn    (no ring)
MPRegen 0.11/turn

%: no passive effects
@: no status effects
A: sickness immunity, AC +3, negative energy resistance 1, electricity
resistance, torment resistance 1, petrification resistance
a: no special abilities


You were on level 2 of the Dungeon.
You visited 1 branch of the dungeon, and saw 2 of its levels.

You collected 100 gold pieces.

Inventory:

Hand Weapons
 c - a +0 dagger
 h - the +5 hammer of Himiack {heavy, Str+4 Dex+3}
   (You found it on level 2 of the Dungeon)

   Str+4:     It affects your strength (+4).
   Dex+3:     It affects your dexterity (+3).
 i - a +1 hammer of protection (weapon)
Armour
 a - a +0 robe (worn)
Scrolls
 d - a scroll of noise {unknown}
 e - 2 scrolls of fog {unknown}
 g - 2 scrolls of identify {unknown}
 j - 3 scrolls of blinking {unknown}
 l - a scroll of poison {unknown}
Potions
 b - a potion of magic
 f - a potion of attraction {unknown}
 k - a potion of heal wounds {unknown}
 m - a potion of resistance {unknown}


   Skills:
 - Level 1.5 Dodging
 - Level 3.0 Stealth
 + Level 2.7 Spellcasting
 + Level 1.0 Conjurations
 - Level 0.7 Transmutations
 + Level 5.1 Earth Magic


You had 4 spell levels left.
You knew the following spells:

 Your Spells              Type           Power      Damage    Failure   Level
a - Sandblast             Erth           40%        2d10      1%          1
b - Stone Arrow           Conj/Erth      26%        3d8       14%         3

Your spell library contained the following spells:

 Spells                   Type           Power      Damage    Failure   Level
 Passwall                 Tmut/Erth      10%        N/A       8%          2
 Brom's Barrelling Bould  Conj/Erth      13%        2d4       43%         4
 Volatile Blastmotes      Fire/Tloc      4%         2d10      45%         3
 Petrify                  Tmut/Erth      12%        N/A       45%         4
 Fulminant Prism          Conj/Hex       2%         3d5       80%         4
 Iskenderun's Mystic Bla  Conj/Tloc      4%         2d3       80%         4


Dungeon Overview and Level Annotations

Branches:
Dungeon (2/15)

Altars:
Dithmenos

Annotations:
D:2 Crazy Yiuf


Innate Abilities, Weirdness & Mutations

You are immune to sickness and miasma.
Your stone body is resilient. (AC +3)
You are immune to poison.
You resist negative energy. (rN+)
You are resistant to electric shocks. (rElec)
You are resistant to unholy torment.
You are immune to petrification.


Message History

Press: ? - help, Shift-Dir - straight line, f - kobold
Aim: a kobold, wielding a +0 short sword (79% to hit)
The blast of sand misses the kobold.
Casting: Sandblast (safe; 1% risk of failure)
Confirm with . or Enter, or press ? or * to list all spells.
Aiming: Sandblast (safe; 1% risk of failure)
Press: ? - help, Shift-Dir - straight line, f/p - kobold
Aim: a kobold, wielding a +0 short sword (79% to hit)
The blast of sand hits the kobold.
You kill the kobold!
You see here a +0 hammer of protection.
You see here a +0 hammer.
You see here a +0 hammer.
You see here a +0 hammer.
Crazy Yiuf shouts!
Crazy Yiuf whimpers, "East!
Ice hand sanguine."
You open the door.
Crazy Yiuf screams, "Cake hog Orb Guardian!"
Casting: Sandblast (safe; 1% risk of failure)
Confirm with . or Enter, or press ? or * to list all spells.
Aiming: Sandblast (safe; 1% risk of failure)
Press: ? - help, Shift-Dir - straight line, f - Crazy Yiuf
Aim: Crazy Yiuf, wielding a +2 quarterstaff of chaos and wearing a +1 cloak of willpower (85% to hit)
The blast of sand hits Crazy Yiuf.
Crazy Yiuf is moderately wounded.
Crazy Yiuf hits you with a +2 quarterstaff of chaos!
Crazy Yiuf freezes you.
Crazy Yiuf hits you with a +2 quarterstaff of chaos!
* * * LOW HITPOINT WARNING * * *
Crazy Yiuf freezes you.
* * * LOW HITPOINT WARNING * * *
Casting: Sandblast (safe; 1% risk of failure)
Confirm with . or Enter, or press ? or * to list all spells.
Aiming: Sandblast (safe; 1% risk of failure)
Press: ? - help, Shift-Dir - straight line, f/p - Crazy Yiuf
Aim: Crazy Yiuf, wielding a +2 quarterstaff of chaos and wearing a +1 cloak of willpower (moderately wounded, 85% to hit)
The blast of sand hits Crazy Yiuf but does no damage.
Crazy Yiuf is moderately wounded.
Crazy Yiuf hits you with a +2 quarterstaff of chaos.
You die...

##### #..)# #...# ...
####### #g# #......
♣♣@♣ #...... ♣.♣♣
#...... ♣♣.♣ ####......
♣.♣♣ #......... ♣♣.♣♣
###.##...... ♣..)♣♣
#........... ♣))))♣
#...####.#.# #.)))#
###.##.....#
####))))####........###


You could see Crazy Yiuf.

Vanquished Creatures
  3 adders (D:2)
  3 worms
  A dart slug (D:1)
  2 endoplasms (D:1)
  4 giant cockroaches
  8 goblins
  4 hobgoblins
  2 jackals (D:1)
  7 kobolds
  2 quokkas
  3 ball pythons
  5 bats (D:1)
  4 frilled lizards
  5 rats
53 creatures vanquished.

Notes
Turn   | Place    | Note
-------+----------+-------------------------------------------
     0 | D:1      | Darkleo28 the Gargoyle Earth Elementalist began the quest
                  | for the Orb.
     0 | D:1      | Reached XP level 1. HP: 10/10 MP: 3/3
    39 | D:1      | Reached skill level 4 in Earth Magic
   143 | D:1      | Reached XP level 2. HP: 15/15 MP: 1/5
   544 | D:1      | Reached XP level 3. HP: 19/19 MP: 4/6
   697 | D:1      | You fall into a shaft and drop 1 floor!
   775 | D:1      | Learned a level 3 spell: Stone Arrow
   921 | D:1      | Found a faded altar of an unknown god.
  1126 | D:2      | Reached XP level 4. HP: 23/24 MP: 3/7
  1249 | D:2      | Reached skill level 5 in Earth Magic
  1257 | D:2      | Identified the +5 hammer of Himiack {heavy, Str+4 Dex+3}
  1364 | D:2      | Found a shadowy altar of Dithmenos.
  1388 | D:2      | Reached skill level 1 in Conjurations
  1710 | D:2      | Found a runed translucent door.
  1711 | D:2      | Noticed Crazy Yiuf
  1847 | D:2      | Slain by Crazy Yiuf

Illustrated notes

Levels and vault maps discovered:
D:1:      saegor_arrival_miasma, layout_loops_ring,
          shapermc_ecumenical_altar_venn, hex_medium,
          chequers_serial_rivers_micro_c, grunt_decor_resistance
D:2:      layout_rooms, basic_altar, minivault_5, grunt_ministairs_3,
          uniq_crazy_yiuf_cottage

Skill      XL: |  1  2  3  4 |
---------------+-------------+-----
Earth Magic    | 4 5 |  5.1
Stealth        | 3 |  3.0
Conjurations   | 1 |  1.0
Dodging        | |  1.5
Spellcasting   | |  2.7
Transmutations | |  0.7

Action                     |  1- 3 |  4- 6 || total
---------------------------+-------+-------++-------
  Melee: Dagger            |    10 |       ||    10
         Mace              |       |     2 ||     2
   Cast: Sandblast         |    49 |    26 ||    75
 Armour: Robe              |    18 |     8 ||    26
  Dodge: Dodged            |     9 |     7 ||    16

Table legend: (Time is in decaauts)
 A = Elapsed time spent in this place.
 B = Non-inter-level travel time spent in this place.
 C = Inter-level travel time spent in this place.
 D = Time resting spent in this place.
 E = Time spent auto-exploring this place.
 F = Levels seen in this place.
 G = Mean time per level.
                   A        B        C        D        E       F      G
               +--------+--------+--------+--------+--------+-----+--------+
         Total |   1885 |   1852 |     33 |     21 |   1449 |   2 |  942.5 |
       Dungeon |   1885 |   1852 |     33 |     21 |   1449 |   2 |  942.5 |
               +--------+--------+--------+--------+--------+-----+--------+

Top non-repeatable levels by time:
     D:1: 1120 daAuts
     D:2: 764 daAuts
